 Dungeon Crawl Stone Soup version 0.29.0-4-gdea44cf6ec (webtiles) character file.

Game seed: 4423348737180750223

942 qw the Chopper (level 8, -3/46 HPs)
             Began as a Tengu Warper on Aug 28, 2022.
             Was a Believer of Okawaru.
             Slain by Duvessa
             ... wielding a +3 short sword of flaming
              (4 damage)
             ... on level 5 of the Dungeon.
             The game lasted 00:00:30 (4822 turns).

qw the Chopper (Tengu Warper)                       Turns: 4822, Time: 00:00:31

Health: -3/46      AC: 16    Str: 13    XL:     8   Next: 12%
Magic:  10/12      EV:  7    Int: 13    God:    Okawaru [**....]
Gold:   415        SH:  0    Dex: 15    Spells: 11/11 levels left

rFire   . . .      SeeInvis +   Y - +5 war axe (freeze)
rCold   . . .      Faith    .   (no shield)
rNeg    . . .      Spirit   .   p - +3 plate armour
rPois   .          Reflect  .   (helmet restricted)
rElec   .          Harm     .   (no cloak)
rCorr   .          Rampage  .   (no gloves)
Will    .....                   (boots unavailable)
Stlth   ..........              d - amulet of regeneration
HPRegen 0.95/turn               m - ring of see invisible
MPRegen 0.13/turn               (no ring)

@: about to teleport, heroic, flying quickly and evasively, quick
A: beak, talons 3, nimble flight
a: Renounce Religion, Heroism


You were on level 5 of the Dungeon.
You worshipped Okawaru.
Okawaru was pleased with you.
You visited 1 branch of the dungeon, and saw 5 of its levels.
You also visited: Ossuary.

You collected 467 gold pieces.
You spent 52 gold pieces at shops.


Innate Abilities, Weirdness & Mutations

You have a beak for a mouth.
You have claws for feet.
Your magical nature lets you fly swiftly and evasively.


   Skills:
 - Level 3.0(8.0) Fighting
 + Level 7.8(12.8) Axes
 - Level 1.0(6.0) Throwing
 - Level 3.3(8.3) Armour
 - Level 2.1(7.1) Dodging
 - Level 2.0 Spellcasting
 - Level 2.4 Translocations
 + Level 3.7 Invocations


You had 11 spell levels left.
You didn't know any spells.
Your spell library contained the following spells:

 Spells                   Type           Power      Damage    Failure   Level
 Blink                    Tloc           14%        N/A       100%        2
 Gell's Gravitas          Tloc           7%         N/A       100%        3
 Lesser Beckoning         Tloc           7%         N/A       100%        3
 Teleport Other           Tloc           7%         N/A       100%        3
 Manifold Assault         Tloc           7%         N/A       100%        5

Inventory:

Hand Weapons
 i - a +0 flail
 Y - a +5 war axe of freezing (weapon)
Missiles
 a - 2 boomerangs
 b - 2 silver boomerangs (quivered)
Armour
 p - a +3 plate armour (worn)
Jewellery
 d - an amulet of regeneration (around neck)
 m - a ring of see invisible (left hand)
 o - a ring of see invisible
Scrolls
 f - 2 scrolls of identify
Potions
 c - 2 potions of might {unknown}
 e - 2 potions of heal wounds
 g - 3 potions of curing
 j - a potion of mutation {unknown}
 k - a potion of haste
 l - a potion of flight {unknown}
 n - a potion of magic {unknown}

Dungeon Overview and Level Annotations

Branches:
Dungeon (5/15)            Ossuary (visited)
 Temple: D:4-7

Altars:
Nemelex Xobeh
Okawaru
Qazlal
Uskayaw
Zin
The Shining One

Shops:
D:3 *

Annotations:
D:5 Duvessa


Message History

You slash the adder! You freeze the adder. Your kick misses the adder.
The adder is severely wounded.
The adder barely misses you.
You closely miss the adder. You claw the adder. You peck the adder.
You kill the adder!
Okawaru accepts your kill.
You start resting.
Magic restored.
You start resting.
You feel like a meek peon again.
HP restored.
Items here: %% ) / [.
Found 4 stones.
Found a stone staircase leading down.
There is a stone staircase leading down here.
Duvessa, Sister of Dowan comes into view.
She is wielding a +3 short sword of flaming and carrying a wand of roots (5).
Duvessa goes berserk!
Duvessa moves out of view.
Duvessa is nearby!
4818 ||| INVOKING Heroism.
You gain the combat prowess of a mighty hero.
You hit Duvessa but do no damage. You claw Duvessa, but do no damage.
You peck Duvessa.
Duvessa is lightly wounded.
Duvessa hits you with a +3 short sword of flaming.
Duvessa burns you.
You slash Duvessa! You freeze Duvessa. You claw Duvessa, but do no damage.
Duvessa is moderately wounded.
Duvessa hits you with a +3 short sword of flaming!
Duvessa burns you.
You barely miss Duvessa. Your kick misses Duvessa.
Duvessa is moderately wounded.
Duvessa hits you with a +3 short sword of flaming.
Duvessa burns you.
Duvessa hits you with a +3 short sword of flaming!
Duvessa burns you.
4822 ||| READING scroll of teleportation.
As you read the scroll of teleportation, it crumbles to dust.
You feel strangely unstable.
Duvessa hits you with a +3 short sword of flaming!
Duvessa burns you.
You die...

## .. ## ## .#
###### .# #~
#..@.# .#####~#
##.##e# ....##b
#..# ...
########## #.##
###.. #.....#
#.# ~~# ..#
~###..#..####.##
~~#. .#
~#..........>..#
.P#.. #
#.......(.....#
###...
###...#########


You could see Duvessa (berserk).

Vanquished Creatures
  An ice beast (D:5)
  A kobold brigand (D:4)
  A gnoll sergeant (D:5)
  4 necrophages (D:5)
  Dowan (D:5)
  A jelly (D:5)
  2 hounds (D:5)
  Jessica (D:3)
  An iguana (D:5)
  8 mummies (Ossuary)
  4 adders
  4 gnolls (D:5)
  3 ufetubi (D:5)
  2 worms
  2 dart slugs
  10 orcs
  7 ball pythons
  7 endoplasms
  2 giant cockroaches (D:3)
  4 goblins
  10 hobgoblins
  8 kobolds
  4 quokkas
  6 bats
  5 frilled lizards
  2 kobold zombies (Ossuary)
  6 orc zombies (Ossuary)
  A quokka zombie (D:4)
  7 rats
  A rat zombie (D:4)
116 creatures vanquished.

Vanquished Creatures (others)
  7 fungi (D:5)
7 creatures vanquished.

Grand Total: 123 creatures vanquished

Notes
Turn   | Place    | Note
-------+----------+-------------------------------------------
     0 | D:1      | qw the Tengu Warper began the quest for the Orb.
     0 | D:1      | Reached XP level 1. HP: 12/12 MP: 4/4
     0 | D:1      | 0 ||| qw: Version: 0.1-a-89-g26bdef1
     0 | D:1      | 0 ||| qw: Game counter: 1916
     0 | D:1      | 0 ||| qw: Always use a shield: true
     0 | D:1      | 0 ||| qw: God list: Okawaru
     0 | D:1      | 0 ||| qw: Allow faded altars: false
     0 | D:1      | 0 ||| qw: Do Orc after D:15 true
     0 | D:1      | 0 ||| qw: Do second Lair branch before Depths: true
     0 | D:1      | 0 ||| qw: Lair rune preference: random
     0 | D:1      | 0 ||| qw: Plans: Normal
     0 | D:1      | 0 ||| PLANNING D:1-11
    43 | D:1      | 43 ||| DROPPING +0 whip.
   295 | D:1      | Reached skill level 3 in Axes
   295 | D:1      | Reached XP level 2. HP: 17/17 MP: 6/6
   440 | D:1      | 440 ||| SWAPPING to +2 war axe of freezing.
   441 | D:1      | 441 ||| DROPPING +0 hand axe.
   727 | D:1      | 727 ||| DROPPING amulet of faith.
   728 | D:1      | 728 ||| READING scroll labelled TIFAVI SURA.
   729 | D:1      | 729 ||| READING scroll labelled DOV XUKOIDITHRAIL.
   730 | D:1      | 730 ||| READING 2 scrolls labelled DIYQUTH VUCA.
   731 | D:1      | 731 ||| READING 3 scrolls labelled CIRODI BOPRYHEU.
   732 | D:1      | 732 ||| READING scroll labelled GAES ZUYMAILLI.
   737 | D:1      | 737 ||| DROPPING scroll of blinking.
   738 | D:1      | 738 ||| DROPPING 2 scrolls of butterflies.
   822 | D:2      | HP: 4/17 [poisoned by an adder]
   823 | D:2      | Reached XP level 3. HP: 6/21 MP: 7/7
  1282 | D:2      | Found a faded altar of an unknown god.
  1303 | D:2      | Reached skill level 4 in Axes
  1568 | D:2      | 1568 ||| Stepping ~*~*~tactically~*~*~ (stealth).
  1572 | D:2      | 1572 ||| Stepping ~*~*~tactically~*~*~ (stealth).
  1576 | D:2      | 1576 ||| Stepping ~*~*~tactically~*~*~ (stealth).
  1581 | D:2      | 1581 ||| Stepping ~*~*~tactically~*~*~ (stealth).
  1582 | D:2      | 1582 ||| Stepping ~*~*~tactically~*~*~ (stealth).
  1600 | D:2      | 1600 ||| Stepping ~*~*~tactically~*~*~ (stealth).
  1740 | D:2      | 1740 ||| Stepping ~*~*~tactically~*~*~ (stealth).
  1861 | D:2      | 1861 ||| UPGRADING to amulet of regeneration.
  1866 | D:2      | 1866 ||| READING scroll labelled ZIETA QINAI.
  1867 | D:2      | 1867 ||| READING scroll labelled HUMMUNWELA.
  1868 | D:2      | 1868 ||| DRINKING 2 brown potions.
  1869 | D:2      | 1869 ||| DRINKING 2 yellow potions.
  1883 | D:3      | Found Dofisorr's General Store.
  1884 | D:3      | 1884 ||| Stepping ~*~*~tactically~*~*~ (hiding).
  1891 | D:3      | Reached XP level 4. HP: 23/26 MP: 8/8
  1898 | D:3      | 1898 ||| BUYING +0 ring mail (52 gold).
  1898 | D:3      | Bought a +0 ring mail for 52 gold pieces
  1898 | D:3      | 1898 ||| SHOPLISTING potion of resistance (130 gold, have
                  | 53).
  1898 | D:3      | 1898 ||| SHOPLISTING scroll of enchant armour (97 gold,
                  | have 53).
  1905 | D:3      | 1905 ||| Stepping ~*~*~tactically~*~*~ (stealth).
  1911 | D:3      | 1911 ||| READING scroll of enchant weapon.
  1911 | D:3      | 1911 ||| ENCHANTING +3 war axe of freezing.
  1921 | D:3      | 1921 ||| Stepping ~*~*~tactically~*~*~ (stealth).
  1927 | D:3      | 1927 ||| Stepping ~*~*~tactically~*~*~ (stealth).
  1940 | D:3      | 1940 ||| Stepping ~*~*~tactically~*~*~ (stealth).
  1942 | D:3      | 1942 ||| Stepping ~*~*~tactically~*~*~ (stealth).
  1948 | D:3      | 1948 ||| Stepping ~*~*~tactically~*~*~ (stealth).
  1952 | D:3      | 1952 ||| Stepping ~*~*~tactically~*~*~ (stealth).
  1967 | D:3      | Noticed Jessica
  1968 | D:3      | 1968 ||| Stepping ~*~*~tactically~*~*~ (hiding).
  2042 | D:3      | 2042 ||| Stepping ~*~*~tactically~*~*~ (hiding).
  2043 | D:3      | 2043 ||| Stepping ~*~*~tactically~*~*~ (stealth).
  2045 | D:3      | Killed Jessica
  2046 | D:3      | Reached skill level 5 in Axes
  2153 | D:3      | 2153 ||| READING scroll of enchant weapon.
  2153 | D:3      | 2153 ||| ENCHANTING +4 war axe of freezing.
  2543 | D:3      | Found a stormy altar of Qazlal.
  2661 | D:3      | Found a hide-covered altar of Uskayaw.
  2677 | D:3      | Gained mutation: Your magical nature lets you fly swiftly
                  | and evasively. [Tengu growth]
  2677 | D:3      | Reached XP level 5. HP: 30/30 MP: 9/9
  2725 | D:3      | Found an iron altar of Okawaru.
  2741 | D:3      | Became a worshipper of Warmaster Okawaru
  2936 | D:3      | Found a glowing silver altar of Zin.
  2968 | D:3      | 2968 ||| UPGRADING to +0 ring mail.
  2978 | D:3      | 2978 ||| DROPPING +0 leather armour.
  2979 | D:3      | 2979 ||| UPGRADING to +0 chain mail.
  2989 | D:3      | 2989 ||| DROPPING +0 ring mail.
  2990 | D:3      | 2990 ||| UPGRADING to +0 plate armour.
  3000 | D:3      | 3000 ||| DROPPING +0 chain mail.
  3001 | D:3      | 3001 ||| UPGRADING to ring of see invisible.
  3002 | D:3      | 3002 ||| DRINKING 2 bubbling green potions.
  3003 | D:3      | 3003 ||| READING 2 scrolls of identify.
  3003 | D:3      | 3003 ||| IDENTIFYING white potion
  3004 | D:3      | 3004 ||| DROPPING potion of invisibility.
  3005 | D:3      | 3005 ||| DROPPING potion of attraction.
  3021 | D:4      | 3021 ||| PLANNING OSSUARY
  3040 | D:4      | Noticed a kobold brigand
  3046 | D:4      | Killed a kobold brigand
  3138 | D:4      | Found a sand-covered staircase.
  3149 | Ossuary  | Entered an ossuary
  3184 | Ossuary  | Reached skill level 6 in Axes
  3184 | Ossuary  | Reached XP level 6. HP: 35/35 MP: 10/10
  3287 | Ossuary  | Reached * piety under Okawaru
  3335 | Ossuary  | 3335 ||| READING 4 scrolls labelled ENUENK YPHUDIANOH.
  3336 | Ossuary  | 3336 ||| READING 3 scrolls of enchant armour.
  3336 | Ossuary  | 3336 ||| ENCHANTING +0 plate armour.
  3337 | Ossuary  | 3337 ||| READING 2 scrolls of enchant armour.
  3337 | Ossuary  | 3337 ||| ENCHANTING +1 plate armour.
  3338 | Ossuary  | 3338 ||| READING scroll of enchant armour.
  3338 | Ossuary  | 3338 ||| ENCHANTING +2 plate armour.
  3339 | Ossuary  | 3339 ||| READING scroll labelled KEFITHROERGH.
  3340 | Ossuary  | 3340 ||| READING scroll labelled MOAHUN WOCZE.
  3341 | Ossuary  | 3341 ||| READING scroll labelled BAS LUDGHUVOILI.
  3342 | Ossuary  | 3342 ||| DRINKING 2 glowing puce potions.
  3343 | Ossuary  | 3343 ||| DRINKING 2 emerald potions.
  3344 | Ossuary  | 3344 ||| DRINKING 2 red potions.
  3449 | Ossuary  | 3449 ||| READING 2 scrolls of identify.
  3449 | Ossuary  | 3449 ||| IDENTIFYING fuming purple potion
  3450 | Ossuary  | 3450 ||| DROPPING potion of ambrosia.
  3451 | Ossuary  | 3451 ||| DROPPING potion of brilliance.
  3452 | Ossuary  | 3452 ||| DROPPING potion of berserk rage.
  3474 | D:4      | 3474 ||| PLANNING D:1-11
  3650 | D:4      | You are sucked into a shaft and drop 1 floor!
  3650 | D:5      | Entered Level 5 of the Dungeon
  3694 | D:5      | 3694 ||| INVOKING Heroism.
  3698 | D:5      | 3698 ||| Stepping ~*~*~tactically~*~*~ (stealth).
  3702 | D:5      | Reached skill level 7 in Axes
  3718 | D:5      | 3718 ||| Stepping ~*~*~tactically~*~*~ (hiding).
  3720 | D:5      | 3720 ||| INVOKING Heroism.
  3724 | D:5      | Reached skill level 3 in Armour
  3724 | D:5      | Reached skill level 1 in Invocations
  3724 | D:5      | Reached XP level 7. HP: 15/40 MP: 8/11
  3725 | D:5      | HP: 10/40 [gnoll/+0 spear[a gnoll sergeant] (7)]
  3726 | D:5      | 3726 ||| READING 2 scrolls of teleportation.
  3727 | D:5      | 3727 ||| DRINKING potion of heal wounds.
  3754 | D:5      | Reached skill level 3 in Fighting
  4122 | D:5      | Found a sparkling altar of Nemelex Xobeh.
  4153 | D:5      | Found a glowing golden altar of the Shining One.
  4292 | D:5      | Reached skill level 3 in Invocations
  4300 | D:5      | 4300 ||| Stepping ~*~*~tactically~*~*~ (stealth).
  4333 | D:5      | 4333 ||| Stepping ~*~*~tactically~*~*~ (hiding).
  4456 | D:5      | Reached ** piety under Okawaru
  4457 | D:5      | Reached XP level 8. HP: 46/46 MP: 12/12
  4616 | D:5      | 4616 ||| Stepping ~*~*~tactically~*~*~ (hiding).
  4739 | D:5      | Noticed Dowan
  4740 | D:5      | 4740 ||| Stepping ~*~*~tactically~*~*~ (hiding).
  4741 | D:5      | 4741 ||| INVOKING Heroism.
  4761 | D:5      | 4761 ||| INVOKING Heroism.
  4767 | D:5      | Killed Dowan
  4816 | D:5      | Noticed Duvessa
  4818 | D:5      | 4818 ||| INVOKING Heroism.
  4821 | D:5      | HP: 11/46 [Duvessa/+3 short sword of flaming (11)]
  4822 | D:5      | 4822 ||| READING scroll of teleportation.
  4822 | D:5      | HP: 1/46 [Duvessa/+3 short sword of flaming (8)]
  4822 | D:5      | Slain by Duvessa

Levels and vault maps discovered:
D:1:      amcnicky_arrival_blooded_trapdoor, layout_basic
D:2:      layout_basic, basic_ecumenical_altar, kennysheep_decorative_pillar,
          minivault_27, serial_bayou_pond_b, minmay_tetromino_o4
D:3:      layout_basic, old_standard_altar, okawaru_gym_becter, zin_treasury,
          nicolae_uskayaw_suspiria, serial_shops, nicolae_shop_advertising_works
          [nicolae_subvault_shop_adworks], minmay_circle_x, uniq_jessica
D:4:      layout_gridville, enter_ossuary_4, small_statue_intersection
D:5:      layout_loops_ring, nemelex_diamond_rough_becter,
          mainiacjoe_overflow_surrounded_room, serial_aquarium,
          aquarium_bridge_square [aquarium_subvault_wall,
          aquarium_subvault_bridge, aquarium_subvault_wall,
          aquarium_subvault_bridge], aquarium_window_fake, aquarium_window_fake,
          aquarium_view_2e, aquarium_view_2d, aquarium_pool_double, uniq_duvessa

Skill      XL: |  1  2  3  4  5  6  7 |
---------------+----------------------+-----
Axes           | 3 4 5 6 7 |  7.8
Armour         | 2 3 |  3.3
Invocations    | 1 3 |  3.7
Fighting       | 3 |  3.0
Throwing       | |  1.0
Dodging        | |  2.1
Spellcasting   | |  2.0
Translocations | |  2.4

Action                   |  1- 3 |  4- 6 |  7- 9 || total
-------------------------+-------+-------+-------++-------
Melee: Hand axe          |     8 |       |       ||     8
       Kick              |    13 |    15 |    19 ||    47
       Peck              |     3 |    14 |    11 ||    28
       War axe           |    45 |    92 |    66 ||   203
       Punch             |     1 |       |     1 ||     2
       Unarmed           |       |       |    19 ||    19
Throw: Boomerang         |     7 |    42 |    13 ||    62
Invok: Heroism           |       |     2 |     3 ||     5
  Use: Scroll            |     7 |    11 |     2 ||    20
       Potion            |     2 |     4 |     1 ||     7
Armor: Leather armour    |    11 |     4 |       ||    15
       Plate armour      |       |    26 |    36 ||    62
Dodge: Dodged            |    18 |    24 |    31 ||    73

Table legend:
 A = Non-vault XP
 B = Vault XP
 C = Vault XP percentage of total XP
 D = Non-vault monster count
 E = Vault monster count
 F = Vault count percentage of total count
                 A         B        C        D         E       F
            +---------+---------+-------+---------+---------+-------
      Total |    1070 |     277 |  20.6 |      84 |      32 |  27.6
            +---------+---------+-------+---------+---------+-------
        D:1 |      23 |       0 |   0.0 |      14 |       0 |   0.0
        D:2 |      39 |       9 |  18.8 |      10 |       6 |  37.5
        D:3 |      54 |      47 |  46.5 |      23 |       7 |  23.3
        D:4 |     130 |       2 |   1.5 |      14 |       2 |  12.5
        D:5 |     824 |      67 |   7.5 |      23 |       1 |   4.2
    Ossuary |       0 |     152 | 100.0 |       0 |      16 | 100.0
            +---------+---------+-------+---------+---------+-------
